 Dungeon Crawl Stone Soup version 0.22-a0-303-g4a852b3 (webtiles) character file.

132426 RoseArtemis the Severer (level 16, -7/154 HPs)
             Began as a Minotaur Fighter on Mar 27, 2018.
             Was a High Priest of Okawaru.
             Blown up by an orb spider (58 damage)
             ... with an orb of destruction
             ... on level 3 of the Spider Nest.
             The game lasted 01:13:33 (24499 turns).

RoseArtemis the Severer (Minotaur Fighter)         Turns: 24499, Time: 01:13:34

Health: -7/154     AC: 33    Str: 21    XL:     16   Next: 57%
Magic:  31/31      EV: 21    Int: 10    God:    Okawaru [*****.]
Gold:   2646       SH:  0    Dex: 19    Spells: 21/22 levels left

rFire    . . .     SeeInvis +   E - +4 battleaxe of Death's Door {flame, Int+4}
rCold    . . .     Gourm    .   (shield currently unavailable)
rNeg     . . .     Faith    .   T - +12 chain mail "Savet" {rCorr SInv}
rPois    .         Spirit   .   K - +1 hat of the True Pharaoh {rElec Regen+ MP+9}
rElec    +         Reflect  .   y - +0 cloak
rCorr    +         Harm     .   J - +2 pair of gloves
MR       +....                  (no boots)
Stlth    ..........             D - amulet of the acrobat
HPRegen  0.75/turn              j - +2 ring of protection
MPRegen  0.22/turn              Z - +3 ring of dexterity

@: heroism, studying Translocations
A: retaliatory headbutt, horns 2
a: Heroism, Finesse, Renounce Religion


You were on level 3 of the Spider Nest.
You worshipped Okawaru.
Okawaru was extremely pleased with you.
You were hungry.

You visited 5 branches of the dungeon, and saw 27 of its levels.

You collected 2794 gold pieces.
You spent 148 gold pieces at shops.

Inventory:

Hand Weapons
 E - the +4 battleaxe of Death's Door (weapon) {flame, Int+4}
   (Okawaru gifted it to you on level 1 of the Spider Nest)

   It has been specially enchanted to burn those struck by it, causing extra
   injury to most foes and up to half again as much damage against particularly
   susceptible opponents.
   Big, fiery blades are also staple armaments of hydra-hunters.
   It affects your intelligence (+4).
Missiles
 F - 6 javelins of returning (quivered)
Armour
 y - a +0 cloak (worn)
 J - a +2 pair of gloves (worn)
 K - the +1 hat of the True Pharaoh (worn) {rElec Regen+ MP+9}
   (Okawaru gifted it to you on level 10 of the Dungeon)

   It insulates you from electricity.
   It affects your magic capacity (+9).
   It increases your rate of regeneration.
 T - the +12 chain mail "Savet" (worn) {rCorr SInv}
   (You took it off a skeletal warrior on level 13 of the Dungeon)

   It lets you see invisible.
   It protects you from acid and corrosion.
Jewellery
 j - a +2 ring of protection (left hand)
 D - an amulet of the acrobat (around neck)
 Z - a +3 ring of dexterity (right hand)
Wands
 c - a wand of polymorph (24)
 d - a wand of iceblast (17)
 e - a wand of disintegration (27)
 x - a wand of flame (88)
 Q - a wand of clouds (6)
 V - a wand of digging (14)
Scrolls
 b - 5 scrolls of remove curse
 i - a scroll of holy word
 m - 6 scrolls of magic mapping
 n - 3 scrolls of fog
 o - a scroll of silence {unknown}
 p - 6 scrolls of fear
 q - a scroll of blinking
 t - a scroll of enchant weapon
 u - 3 scrolls of enchant armour
 v - 5 scrolls of teleportation
 w - a scroll of noise {unknown}
 H - a scroll of summoning {unknown}
 M - a scroll of acquirement {unknown}
 N - a scroll of amnesia
 R - a scroll of vulnerability {unknown}
Potions
 g - 4 potions of might
 h - 2 potions of agility
 k - a potion of resistance
 l - 2 potions of mutation
 r - 3 potions of brilliance
 s - 4 potions of lignification
 z - 2 potions of magic
 A - 2 potions of haste
 B - 3 potions of flight
 C - 2 potions of cancellation
 I - 4 potions of ambrosia
 L - 12 potions of curing
 O - a potion of invisibility
 X - a potion of heal wounds
Books
 U - a manual of Translocations
Comestibles
 f - 41 rations


   Skills:
 * Level 16.9(21.9) Fighting
 - Level 20.0(25.0) Axes
 - Level 9.0(14.0) Armour
 + Level 14.5(19.5) Dodging
   Level 6.5(11.5) Shields
 * Level 3.7 Spellcasting
 + Level 4.0 Translocations
 - Level 10.0 Invocations


You had 21 spell levels left.
You knew the following spells:

 Your Spells              Type           Power        Failure   Level  Hunger
a - Apportation           Tloc           #.....       26%         1    #......


Dungeon Overview and Level Annotations

Branches:
Dungeon (15/15)            Temple (1/1) D:7            Lair (6/6) D:9
 Shoals (0/4) Lair:2       Spider (3/4) Lair:4        Slime (0/5) Lair:6
    Orc (2/2) D:12            Elf (0/3) Orc:2        Vaults (0/5) D:13
 Depths (0/5) D:15

Altars:
Ashenzari
Cheibriados
Dithmenos
Elyvilon
Fedhas
Gozag
Hepliaklqana
Kikubaaqudgha
Makhleb
Nemelex Xobeh
Okawaru
Qazlal
Ru
Sif Muna
Trog
Uskayaw
Vehumet
Wu Jian
Xom
Yredelemnul
Zin
The Shining One
Beogh
Jiyva

Shops:
D:9 *   Orc:2 (}?*

Annotations:
Lair:1 exclusion: oklob plant


Innate Abilities, Weirdness & Mutations

You reflexively headbutt those who attack you in melee.
You have a pair of horns on your head.


Message History

An orb of destruction comes into view.
You slash the jumping spider! You burn the jumping spider.
You kill the jumping spider!
Okawaru accepts your kill.
Your Translocations skill increases to level 4!
The orb spider pulsates with a strange energy.
The orb of destruction hits you!
The orb spider begins to weave its threads into a brightly glowing ball.
You hear an angry buzzing noise.
You are too injured to fight recklessly!
The orb spider weaves a glowing orb of energy.
An orb of destruction comes into view.
The orb spider weaves a glowing orb of energy.
An orb of destruction comes into view.
The orb spider pulsates with a strange energy.
There is an escape hatch in the floor here.
The orb of destruction hits you!
* * * LOW HITPOINT WARNING * * *
You feel much better. The orb of destruction hits you!
You die...

.. #......... .. .#......
#.#.....^# .#.. .....#.
.....#.# .....#.....#
##s§...## .........)..##
#.§.†s..#
.!#..........######§..§...#
.......#......##.##§§†.#.##
#......#........@§§s..## #
#.......††......§§....#
##.#.#.#<†......##..^.#
.##.....†............##
.#..................##
^...................#
...!.......#.##....##
.............^##..##
)#......#..).##..##


You could see 2 orb spiders.

Vanquished Creatures
  The ghost of Nr616 the Executioner, an adept MiBe of Trog (Orc:2)
  An orc warlord (Orc:2)
  3 entropy weavers (D:10)
  A stone giant (Orc:1)
  A dire elephant (D:15)
  Snorg (D:13)
  A fire dragon (D:13)
  6 hydras
  4 ghost crabs (D:10)
  22 two-headed ogres
  2 catoblepae
  4 centaur warriors
  5 ogre magi
  A deep troll shaman (Lair:6)
  2 orc high priests
  8 death yaks
  5 fire crabs (D:10)
  7 skeletal warriors
  3 unseen horrors
  2 orc knights
  A deep elf archer (Orc:2)
  4 orc sorcerers
  11 ugly things
  7 deep elf magi
  5 orb spiders
  3 wolf spiders
  5 manticores
  4 cyclopes
  23 elephants
  A black mamba (Lair:5)
  6 centaur zombies
  A merfolk siren (Lair:2)
  A torpor snail (Spider:2)
  An apocalypse crab (D:10)
  A gargoyle (D:14)
  10 spiny frogs
  A yaktaur (shapeshifter) (D:15)
  15 komodo dragons
  2 demonic crawlers
  3 rime drakes
  6 meliai (D:15)
  A queen bee (D:15)
  7 trolls
  4 jumping spiders
  3 polar bears
  2 slime creatures (D:15)
  9 blink frogs (Lair:6)
  5 hippogriffs
  5 wraiths
  10 tarantellas
  2 vampires
  44 redbacks
  39 yaks
  A shadow (D:11)
  4 wyverns
  A basilisk (shapeshifter) (D:14)
  5 basilisks
  Grum (D:9)
  4 vampire mosquitoes (D:15)
  8 swamp worms (Lair:6)
  2 acid dragons
  10 porcupines
  14 water moccasins
  A hornet zombie (D:15)
  20 orc warriors
  3 ice beasts
  A sky beast (D:8)
  36 ogres
  A necrophage (D:6)
  A phantom (D:9)
  17 wolves
  8 black bears
  11 crocodiles
  15 centaurs
  2 big kobolds
  A gnoll sergeant (D:12)
  24 bullfrogs
  A wyvern skeleton (D:10)
  9 scorpions
  22 killer bees (D:15)
  17 wights
  2 howler monkeys
  3 electric eels
  9 crimson imps
  A bullfrog zombie (D:11)
  8 hounds
  3 jellies
  4 bullfrog skeletons
  13 orc wizards
  8 orc priests
  5 centaur skeletons
  5 iguanas
  4 hell rats (Lair:3)
  5 worker ants
  A killer bee zombie (D:7)
  A howler monkey zombie (D:11)
  A worker ant zombie (D:10)
  8 adders
  16 gnolls
  5 shadow imps
  3 oozes
  12 worms
  2 dart slugs
  12 leopard geckos
  44 orcs
  3 giant cockroaches
  9 goblins
  2 hobgoblins
  11 jackals
  4 quokkas
  A ball python (D:3)
  5 bats
  4 frilled lizards
  11 kobolds
  A leopard gecko zombie (D:6)
  2 quokka skeletons (D:4)
  14 rats
  5 fungi
  6 plants
815 creatures vanquished.

Vanquished Creatures (others)
  7 fungi
  4 plants
11 creatures vanquished.

Grand Total: 826 creatures vanquished

Notes
Turn   | Place    | Note
-------+----------+-------------------------------------------
     0 | D:1      | RoseArtemis the Minotaur Fighter began the quest for the Orb.
     0 | D:1      | Reached XP level 1. HP: 19/19 MP: 0/0
   179 | D:1      | Reached XP level 2. HP: 20/27 MP: 1/1
   365 | D:1      | Reached skill level 3 in Axes
  1142 | D:2      | Reached XP level 3. HP: 21/33 MP: 2/2
  1898 | D:3      | Reached XP level 4. HP: 38/40 MP: 3/3
  1998 | D:3      | Reached skill level 4 in Axes
  2079 | D:3      | Reached XP level 5. HP: 34/47 MP: 4/4
  2246 | D:3      | Found an iron altar of Okawaru.
  2802 | D:3      | Became a worshipper of Warmaster Okawaru
  3071 | D:4      | Reached skill level 5 in Axes
  3145 | D:4      | Noticed an orc warrior
  3162 | D:4      | Killed an orc warrior
  3162 | D:4      | Reached skill level 5 in Fighting
  3162 | D:4      | Reached skill level 5 in Armour
  3162 | D:4      | Reached skill level 5 in Shields
  3162 | D:4      | Reached XP level 6. HP: 4/56 MP: 5/5
  3443 | D:4      | Found an ornate altar of the Wu Jian Council.
  3475 | D:4      | Reached * piety under Okawaru
  3990 | D:5      | Entered Level 5 of the Dungeon
  4000 | D:5      | Reached skill level 6 in Axes
  4005 | D:5      | Reached XP level 7. HP: 56/61 MP: 6/6
  4203 | D:5      | Found a shattered altar of Ashenzari.
  4203 | D:5      | Found a shadowy altar of Dithmenos.
  4203 | D:5      | Found a blossoming altar of Fedhas.
  5303 | D:6      | Reached skill level 7 in Axes
  5307 | D:6      | Reached ** piety under Okawaru
  5562 | D:7      | Reached XP level 8. HP: 43/70 MP: 7/7
  5763 | D:7      | Found a staircase to the Ecumenical Temple.
  5773 | Temple   | Entered the Ecumenical Temple
  5987 | D:7      | Reached skill level 8 in Axes
  6518 | D:7      | Reached skill level 1 in Dodging
  6857 | D:8      | Reached *** piety under Okawaru
  6859 | D:8      | Reached skill level 9 in Axes
  7069 | D:8      | Noticed a two-headed ogre
  7076 | D:8      | Killed a two-headed ogre
  7076 | D:8      | Reached XP level 9. HP: 60/79 MP: 5/8
  7299 | D:8      | Reached skill level 10 in Axes
  7460 | D:8      | Found a stormy altar of Qazlal.
  7486 | D:8      | Noticed a two-headed ogre
  7492 | D:8      | Killed a two-headed ogre
  7492 | D:8      | Reached **** piety under Okawaru
  7686 | D:9      | Found Ehawkies's Assorted Antiques.
  7808 | D:9      | Reached skill level 11 in Axes
  7818 | D:9      | Reached ***** piety under Okawaru
  7835 | D:9      | Reached XP level 10. HP: 68/90 MP: 9/9
  7857 | D:9      | Reached skill level 5 in Dodging
  7901 | D:9      | Found a staircase to the Lair.
  7918 | D:9      | Received a gift from Okawaru
  8135 | D:9      | Found an ornate altar of the Wu Jian Council.
  8549 | D:9      | Noticed a two-headed ogre
  8562 | D:9      | Killed a two-headed ogre
  8740 | D:9      | Noticed Grum
  8755 | D:9      | Killed Grum
  8755 | D:9      | Reached skill level 1 in Invocations
  8904 | D:10     | Entered Level 10 of the Dungeon
  8904 | D:10     | Found a runed door.
  8906 | D:10     | Reached skill level 12 in Axes
  9191 | D:10     | Got a spiked scale mail
  9374 | D:10     | Identified the +1 scale mail of Resourcefulness {-Cast rF+ Stlth+} (You found it on level 10 of the Dungeon)
  9444 | D:10     | Received a gift from Okawaru
  9458 | D:10     | Got a distressingly furry hat {god gift}
  9464 | D:10     | Identified the +1 hat of the True Pharaoh {rElec Regen+ MP+9} (Okawaru gifted it to you on level 10 of the Dungeon)
  9491 | D:10     | Reached XP level 11. HP: 98/99 MP: 12/12
  9904 | Lair:1   | Entered Level 1 of the Lair of Beasts
  9969 | Lair:1   | Reached skill level 10 in Fighting
  9985 | Lair:1   | Reached skill level 13 in Axes
 10089 | Lair:1   | Noticed a four-headed hydra
 10097 | Lair:1   | Killed a nine-headed hydra
 10485 | Lair:1   | Noticed an oklob plant
 10774 | Lair:2   | Found a staircase to the Shoals.
 11240 | Lair:3   | Noticed a death yak
 11243 | Lair:3   | Noticed a death yak
 11243 | Lair:3   | Noticed a death yak
 11244 | Lair:3   | Noticed a death yak
 11250 | Lair:3   | Noticed a death yak
 11260 | Lair:3   | Killed a death yak
 11280 | Lair:3   | Killed a death yak
 11280 | Lair:3   | Reached skill level 14 in Axes
 11281 | Lair:3   | Killed a death yak
 11285 | Lair:3   | Killed a death yak
 11285 | Lair:3   | Reached skill level 5 in Invocations
 11289 | Lair:3   | Killed a death yak
 11644 | Lair:3   | Received a gift from Okawaru
 11644 | Lair:3   | Reached XP level 12. HP: 106/110 MP: 14/14
 12282 | Lair:4   | Found a hole to the Spider Nest.
 12382 | Lair:4   | Reached skill level 15 in Axes
 12400 | Lair:4   | Received a gift from Okawaru
 13281 | Lair:5   | Reached skill level 16 in Axes
 13281 | Lair:5   | Reached XP level 13. HP: 98/118 MP: 17/17
 13713 | Lair:6   | Entered Level 6 of the Lair of Beasts
 13738 | Lair:6   | Reached skill level 10 in Dodging
 14274 | Lair:6   | Found a staircase to the Slime Pits.
 14275 | Lair:6   | Found a viscous altar of Jiyva.
 14394 | Lair:6   | Received a gift from Okawaru
 14422 | Lair:6   | Reached skill level 17 in Axes
 14572 | Lair:6   | Reached ****** piety under Okawaru
 15143 | D:10     | Noticed an entropy weaver
 15266 | D:10     | Killed an entropy weaver
 15266 | D:10     | Reached XP level 14. HP: 93/129 MP: 19/19
 15451 | D:10     | Received a gift from Okawaru
 15515 | D:10     | Noticed an entropy weaver
 15528 | D:10     | Killed an entropy weaver
 15662 | D:10     | Noticed an entropy weaver
 15686 | D:10     | Killed an entropy weaver
 16135 | D:11     | Reached skill level 18 in Axes
 17402 | D:12     | Found a staircase to the Orcish Mines.
 17588 | D:12     | Received a gift from Okawaru
 17612 | D:12     | Got a warped scale mail {god gift}
 17623 | D:12     | Identified the +0 scale mail of Too Many Cooks {MR+ Int+3} (Okawaru gifted it to you on level 12 of the Dungeon)
 17880 | Orc:1    | Entered Level 1 of the Orcish Mines
 18290 | Orc:1    | Reached skill level 10 in Invocations
 18296 | Orc:1    | Found a roughly hewn altar of Beogh.
 18525 | Orc:2    | Entered Level 2 of the Orcish Mines
 18768 | Orc:2    | Found a staircase to the Elven Halls.
 18776 | Orc:2    | Noticed Nr616's ghost (adept MiBe)
 18799 | Orc:2    | Killed Nr616's ghost
 19031 | Orc:2    | Reached skill level 19 in Axes
 19040 | Orc:2    | Reached XP level 15. HP: 134/139 MP: 21/21
 19105 | Orc:2    | Found Noonasm's Antique Weapon Shop.
 19105 | Orc:2    | Found Ret Vuav's Magic Scroll Shoppe.
 19111 | Orc:2    | Found Gugeal's Gadget Shoppe.
 19111 | Orc:2    | Found Sehaepso's General Store.
 19151 | Orc:2    | Received a gift from Okawaru
 19225 | Orc:2    | Bought a scroll of identify for 28 gold pieces
 19226 | Orc:2    | Bought a scroll of identify for 24 gold pieces
 19226 | Orc:2    | Bought a scroll of identify for 24 gold pieces
 19226 | Orc:2    | Bought a scroll of identify for 24 gold pieces
 19226 | Orc:2    | Bought a scroll of identify for 24 gold pieces
 19226 | Orc:2    | Bought a scroll of identify for 24 gold pieces
 19503 | Orc:2    | Noticed an orc warlord
 19820 | Orc:2    | Reached skill level 15 in Fighting
 19851 | Orc:2    | Killed an orc warlord
 20315 | D:13     | Noticed Snorg
 20325 | D:13     | Killed Snorg
 20453 | D:13     | Reached skill level 20 in Axes
 20750 | D:13     | Got a brightly glowing chain mail
 20792 | D:13     | Found a gate to the Vaults.
 21784 | D:15     | Entered Level 15 of the Dungeon
 21961 | D:15     | Reached XP level 16. HP: 151/151 MP: 22/22
 21968 | D:15     | Learned a level 1 spell: Apportation
 22006 | D:15     | Received a gift from Okawaru
 22019 | D:15     | Reached skill level 1 in Spellcasting
 22121 | D:15     | Reached skill level 1 in Translocations
 22346 | D:15     | Found a staircase to the Depths.
 23056 | Spider:1 | Entered Level 1 of the Spider Nest
 23066 | Spider:1 | Received a gift from Okawaru
 23073 | Spider:1 | Got a faintly glowing battleaxe {god gift}
 23078 | Spider:1 | Identified the +4 battleaxe of Death's Door {flame, Int+4} (Okawaru gifted it to you on level 1 of the Spider Nest)
 23500 | Spider:1 | Identified the +12 chain mail "Savet" {rCorr SInv} (You took it off a skeletal warrior on level 13 of the Dungeon)
 24499 | Spider:3 | Blown up by an orb spider

Vault maps used:
D:1:      kennysheep_arrival_seaside
D:3:      nicolae_overflow_hidden_temple, first_ration
D:4:      lemuel_statue_altar
D:5:      gammafunk_temple_overflow_claw
D:6:      kennysheep_generic_room_3
D:7:      minmay_temple_entry_hall, patterned_corridor
D:8:      overflow_temple_1_default
D:9:      kennysheep_mini, due_lair_maze_entry_diamond, serial_shops,
          shop_fountains, uniq_grum
D:10:     gammafunk_mikee_crab_dinner, blue_anna_alchemist
D:11:     wad_mini_maze
D:12:     orc_0_dummy, kennysheep_minor_cross
D:13:     hangedman_vaults_entry_quadrant_bands, uniq_snorg
D:14:     nrook_pool_corridor
D:15:     hangedman_depths_entry_try_elsewhere_first, serial_bayou_pond_c,
          special_room
Temple:   regret_index_temple_sphere_string
Lair:1:   minmay_lair_oklob_tunnel
Lair:2:   elwin_shoals_entry_rooms
Lair:4:   spider_nest_entry_rubble, nicolae_lair_grove_arrangements,
          beast_lair_carwin_7
Lair:5:   grunt_megastairs_4
Lair:6:   grunt_lair_end_beastmaster, slime_altar_1,
          nicolae_quartered_pool_little, worms_lemuel
Orc:1:    basic_altar, rock_pile
Orc:2:    st_orc_ogre_mass, elf_legates

Skill      XL: |  1  2  3  4  5  6  7  8  9 10 11 12 13 14 15 16 |
---------------+-------------------------------------------------+-----
Axes           | 3 4 5 6 7 9 11 12 14 16 17 19 20 | 20.0
Armour         | 4 5 6 7 8 9 |  9.0
Fighting       | 4 5 6 7 8 9 11 12 13 14 16 | 16.9
Shields        | 4 5 6 |  6.5
Dodging        | 3 4 6 8 9 11 12 14 | 14.5
Invocations    | 2 5 7 8 10 | 10.0
Spellcasting   | 3 |  3.7
Translocations | 4 |  4.0

Action                   |  1- 3 |  4- 6 |  7- 9 | 10-12 | 13-15 | 16-18 || total
-------------------------+-------+-------+-------+-------+-------+-------++-------
Melee: War axe           |   103 |    53 |       |       |       |       ||   156
       Headbutt          |     7 |    17 |    39 |    91 |   252 |    59 ||   465
       Battleaxe         |       |    46 |   149 |   465 |  1052 |   258 ||  1970
Invok: Heroism           |       |       |     3 |    34 |    48 |    17 ||   102
       Finesse           |       |       |       |     4 |    12 |     4 ||    20
  Use: Scroll            |       |     8 |    11 |    10 |    15 |       ||    44
       Potion            |       |     3 |     1 |       |     4 |     2 ||    10
  Eat: Chunk             |     3 |     7 |     9 |    17 |    15 |     4 ||    55
       Ration            |       |       |     1 |       |     4 |     1 ||     6
Armor: Leather armour    |    27 |    10 |       |       |       |       ||    37
       Scale mail        |     1 |    28 |    47 |       |       |       ||    76
       Plate armour      |       |       |    41 |   259 |   456 |    78 ||   834
       Fire dragon scale |       |       |       |       |    14 |       ||    14
       Chain mail        |       |       |       |       |       |    39 ||    39
Dodge: Dodged            |    37 |    38 |    79 |   240 |   587 |   280 ||  1261
Block: Shield            |    51 |    28 |       |       |       |       ||    79

Table legend:
 A = Spawn XP
 B = Non-spawn XP
 C = Spawn XP percentage of total XP
 D = Spawn monster count
 E = Non-spawn monster count
 F = Spawn count percentage of total count
 G = Total turns spent on level
                    A         B        C        D         E        F      G
               +---------+---------+-------+---------+---------+-------+---------
         Total |       0 |  189181 |   0.0 |       0 |     804 |   0.0 | 24499
               +---------+---------+-------+---------+---------+-------+---------
           D:1 |       0 |      33 |   0.0 |       0 |      20 |   0.0 |  1027
           D:2 |       0 |      53 |   0.0 |       0 |      22 |   0.0 |   812
           D:3 |       0 |     120 |   0.0 |       0 |      22 |   0.0 |   703
           D:4 |       0 |     451 |   0.0 |       0 |      25 |   0.0 |  1448
           D:5 |       0 |     368 |   0.0 |       0 |      15 |   0.0 |   881
           D:6 |       0 |     216 |   0.0 |       0 |       8 |   0.0 |   637
           D:7 |       0 |     852 |   0.0 |       0 |      14 |   0.0 |  1103
           D:8 |       0 |    2782 |   0.0 |       0 |      17 |   0.0 |   943
           D:9 |       0 |    3325 |   0.0 |       0 |      31 |   0.0 |  1446
          D:10 |       0 |   15341 |   0.0 |       0 |      46 |   0.0 |  1849
          D:11 |       0 |   10491 |   0.0 |       0 |      64 |   0.0 |  1218
          D:12 |       0 |    6348 |   0.0 |       0 |      26 |   0.0 |   663
          D:13 |       0 |   10506 |   0.0 |       0 |      28 |   0.0 |   777
          D:14 |       0 |   12602 |   0.0 |       0 |      32 |   0.0 |   769
          D:15 |       0 |   19163 |   0.0 |       0 |      68 |   0.0 |  1078
        Lair:1 |       0 |    3906 |   0.0 |       0 |      18 |   0.0 |   675
        Lair:2 |       0 |    1586 |   0.0 |       0 |      10 |   0.0 |   729
        Lair:3 |       0 |    7153 |   0.0 |       0 |      20 |   0.0 |   883
        Lair:4 |       0 |    8279 |   0.0 |       0 |      29 |   0.0 |   886
        Lair:5 |       0 |    6452 |   0.0 |       0 |      25 |   0.0 |   829
        Lair:6 |       0 |   23578 |   0.0 |       0 |      83 |   0.0 |  1227
      Spider:1 |       0 |    8080 |   0.0 |       0 |      33 |   0.0 |   756
      Spider:2 |       0 |    4727 |   0.0 |       0 |      17 |   0.0 |   594
      Spider:3 |       0 |    5641 |   0.0 |       0 |      21 |   0.0 |    93
         Orc:1 |       0 |    7213 |   0.0 |       0 |      46 |   0.0 |   779
         Orc:2 |       0 |   29915 |   0.0 |       0 |      64 |   0.0 |  1562
               +---------+---------+-------+---------+---------+-------+---------
